 Dungeon Crawl Stone Soup version 0.29-a0-676-ga64570c9d2 (webtiles) character file.

Game seed: 7488382381918712834

73 YayAnonymity the Shooter (level 4, 0/26 HPs)
             Began as a Deep Elf Hunter on June 24, 2022.
             Slain by an orc
             ... wielding a +0 short sword
              (2 damage)
             ... on level 3 of the Dungeon.
             The game lasted 00:02:49 (1796 turns).

YayAnonymity the Shooter (Deep Elf Hunter)          Turns: 1796, Time: 00:02:50

Health: 0/26       AC:  7    Str:  8    XL:     4   Next: 8%
Magic:  6/6        EV: 11    Int: 14    God:
Gold:   77         SH:  0    Dex: 20    Spells: 3/3 levels left

rFire   . . .      SeeInvis .   a - +1 shortbow
rCold   . . .      Faith    .   (shield currently unavailable)
rNeg    + . .      Spirit   .   i - +0 ring mail
rPois   .          Reflect  .   p - +0 helmet
rElec   .          Harm     .   m - +0 cloak
rCorr   .          Rampage  .   (no gloves)
Will    .....                   (no boots)
Stlth   ++........              (no amulet)
HPRegen 0.08/turn               h - ring of positive energy
MPRegen 0.10/turn               (no ring)

@: no status effects
A: no striking features
a: no special abilities


You were on level 3 of the Dungeon.
You visited 1 branch of the dungeon, and saw 3 of its levels.

You collected 77 gold pieces.

Inventory:

Hand Weapons
 a - a +1 shortbow (weapon)
Armour
 i - a +0 ring mail (worn)
 m - a +0 cloak (worn)
 p - a +0 helmet (worn)
Jewellery
 h - a ring of positive energy (left hand)
Scrolls
 c - a scroll of immolation
 d - a scroll of silence {unknown}
 e - a scroll of enchant armour {unknown}
 f - a scroll of blinking {unknown}
 g - 2 scrolls of identify {unknown}
 l - a scroll of magic mapping {unknown}
 o - a scroll of torment {unknown}
Potions
 b - a potion of haste {unknown}
 j - a potion of lignification {unknown}
 k - a potion of mutation {unknown}
 n - a potion of heal wounds {unknown}


   Skills:
 - Level 2.0 Fighting
 + Level 5.9 Bows
 + Level 3.2 Dodging
 * Level 3.4 Stealth


You had 3 spell levels left.
You didn't know any spells.
Your spell library was empty.

Dungeon Overview and Level Annotations

Branches:
Dungeon (3/15)

Altars:

Shops:
D:1 :   D:2 [


Message History

The quokka twitches its whiskers.
The quokka barely misses you.
You shoot an arrow. The arrow hits the orc.
You kill the orc!
The quokka bites you but does no damage.
The quokka barely misses you.
You shoot an arrow. The arrow hits the quokka!
You kill the quokka!
No target in view!
No target in view!
You start resting.
HP restored.
Unknown command.
Unknown command.
You are now empty-handed.
a - a +1 shortbow (weapon)
You climb downwards.
The orc priest mumbles some strange prayers to Beogh against you.
Beogh smites you!
Ouch! That really hurt!
There is a stone staircase leading up here.
You are too injured to fight recklessly!
You are too injured to fight recklessly!
Shoot: a) +1 shortbow
Press: ? - help, Q - select action Shift-Dir - straight line, f - orc priest
Aim: an orc priest, wielding a +0 hand axe (66% to hit)
You shoot an arrow. The arrow hits the orc priest.
The orc priest is heavily wounded.
The orc closely misses you.
The orc priest looks braver for a moment.
Shoot: a) +1 shortbow
Press: ? - help, Q - select action Shift-Dir - straight line, f/p - orc priest
Aim: an orc priest, wielding a +0 hand axe (heavily wounded, 66% to hit)
You shoot an arrow. The arrow hits the orc priest.
The orc priest is severely wounded.
The orc priest invokes the aid of Beogh against you.
Beogh smites you!
* * * LOW HITPOINT WARNING * * *
The orc hits you with a +0 short sword.
You die...

## . ######
#.#.#..###
#.#.#....#
##.##o.r#..#.####
#......o.........
#.....o##o.#.###
#.####.#@o...#
#.####### .. #.
#. #.


You could see an orc priest and an orc.

Vanquished Creatures
  4 adders (D:2)
  An orc (D:2)
  A ball python (D:2)
  3 bats
  5 endoplasms
  A giant cockroach (D:1)
  4 kobolds (D:2)
  5 quokkas
  2 frilled lizards (D:2)
  5 goblins
  4 rats
35 creatures vanquished.

Notes
Turn   | Place    | Note
-------+----------+-------------------------------------------
     0 | D:1      | YayAnonymity the Deep Elf Hunter began the quest for the
                  | Orb.
     0 | D:1      | Reached XP level 1. HP: 12/12 MP: 3/3
   279 | D:1      | Reached XP level 2. HP: 17/17 MP: 4/4
   604 | D:1      | Found Feomn's Book Shop.
   876 | D:2      | Reached XP level 3. HP: 10/21 MP: 5/5
  1271 | D:2      | Found Xil Wyve's Armour Boutique.
  1377 | D:2      | Reached XP level 4. HP: 26/26 MP: 6/6
  1796 | D:3      | Slain by an orc

Illustrated notes

Levels and vault maps discovered:
D:1:      wander_arrival_estate, layout_basic, serial_shops, shop_fountains
D:2:      layout_rooms, serial_shops, shop
D:3:      layout_basic, uniq_pargi, uniq_ijyb

Skill      XL: |  1  2  3 |
---------------+----------+-----
Stealth        | 2 3 |  3.4
Fighting       | 2 |  2.0
Dodging        | 3 |  3.2
Bows           | |  5.9

Action                   |  1- 3 |  4- 6 || total
-------------------------+-------+-------++-------
 Fire: Shortbow          |    54 |    16 ||    70
Armor: Leather armour    |     3 |       ||     3
       Ring mail         |     2 |     6 ||     8
Dodge: Dodged            |    10 |    20 ||    30

Table legend: (Time is in decaauts)
 A = Elapsed time spent in this place.
 B = Non-inter-level travel time spent in this place.
 C = Inter-level travel time spent in this place.
 D = Time resting spent in this place.
 E = Time spent auto-exploring this place.
 F = Levels seen in this place.
 G = Mean time per level.
                   A        B        C        D        E       F      G
               +--------+--------+--------+--------+--------+-----+--------+
         Total |   1820 |   1770 |     50 |    282 |   1260 |   3 |  606.7 |
       Dungeon |   1820 |   1770 |     50 |    282 |   1260 |   3 |  606.7 |
               +--------+--------+--------+--------+--------+-----+--------+

Top non-repeatable levels by time:
     D:2: 1019 daAuts
     D:1: 776 daAuts
     D:3: 24 daAuts
